 Dungeon Crawl Stone Soup version 0.20-a0-16-g0876c8e (webtiles) character file.

757138 Leszczynek the Hoplite (level 27, -15/222 HPs)
             Began as a Mummy Enchanter on Nov 1, 2016.
             Was the Champion of Okawaru.
             Killed from afar by Cerebov (44 damage)
             ... with an iron shot
             ... in Pandemonium on Nov 3, 2016.
             The game lasted 06:23:18 (84308 turns).

Leszczynek the Hoplite (Mummy Enchanter)           Turns: 84308, Time: 06:23:19

Health: -15/222    AC: 27    Str: 29    XL:     27
Magic:  38/39      EV: 23    Int: 25    God:    Okawaru [******]
Gold:   1338       SH: 25    Dex: 17    Spells: 15 memorised, 5 levels left

rFire  + + +     SeeInvis +     a - +9 double sword (slice)
rCold  + + .     Gourm    .     n - +8 fire dragon scales
rNeg   + + +     Faith    .     B - +0 large shield "Enlif" {rElec rF+ rC++ Str+3}
rPois  ∞         Spirit   .     p - +0 hat of Context {MR+ Regen+}
rElec  +         Reflect  .     A - +1 cloak of Starlight {rElec rC+ EV+4 Stlth--}
rCorr  .         Harm     .     C - +0 pair of gloves of Ukafesh {Slay+3}
MR     ++++.                    W - +2 pair of boots {Fly}
Stlth  ..........               q - amulet of regeneration
                                D - ring of Kyblafuy {+Fly rF++ Str+2 Int+5 Dex-2}
                                e - ring "Yruett" {rC- Str+9 Dex+3 Slay+3 SInv}

@: very slightly contaminated
A: no food or potions, fire vulnerability, cold resistance 1, negative energy
resistance 3, torment resistance, unbreathing, in touch with death 2
a: Heroism, Finesse, Renounce Religion, Evoke Flight
}: 6/15 runes: barnacled, slimy, silver, golden, dark, gossamer


You were in Pandemonium.
You worshipped Okawaru.
Okawaru was exalted by your worship.
You were not hungry.

You visited 12 branches of the dungeon, and saw 56 of its levels.
You visited Pandemonium 1 time, and saw 11 of its levels.
You also visited: Labyrinth, Ice Cave, Wizlab and Desolation.

You collected 8254 gold pieces.
You spent 6916 gold pieces at shops.

Inventory:

Hand Weapons
 a - a +9 double sword of slicing (weapon)
Missiles
 X - 14 throwing nets (quivered)
Armour
 n - +8 fire dragon scales (worn)
 p - the +0 hat of Context (worn) {MR+ Regen+}
   (Okawaru gifted it to you on level 2 of the Vaults)

   It affects your resistance to hostile enchantments.
   It increases your rate of regeneration.
 A - the +1 cloak of Starlight (worn) {rElec rC+ EV+4 Stlth--}
   (You found it on level 3 of the Vaults)

   It affects your evasion (+4).
   It protects you from cold.
   It insulates you from electricity.
   It makes you much less stealthy.
 B - the +0 large shield "Enlif" (worn) {rElec rF+ rC++ Str+3}
   (You found it in the Desolation of Salt)

   It affects your strength (+3).
   It protects you from fire.
   It greatly protects you from cold.
   It insulates you from electricity.
 C - the +0 pair of gloves of Ukafesh (worn) {Slay+3}
   (Okawaru gifted it to you on level 1 of the Lair of Beasts)

   It affects your accuracy and damage with ranged weapons and melee attacks
   (+3).
 F - the +1 hat "Leral" {rF+ rCorr}
   (Okawaru gifted it to you in Pandemonium)

   It protects you from fire.
   It protects you from acid and corrosion.
 W - a +2 pair of boots of flying (worn)
Rods
 c - a +8 rod of ignition (11/11)
   (You found it on level 4 of the Depths)
 x - a +4 rod of shadows (4/12)
   (You took it off a yaktaur on level 5 of the Vaults)
 z - a +4 rod of shadows (11/11)
   (You found it in a labyrinth)
Jewellery
 e - the ring "Yruett" (left hand) {rC- Str+9 Dex+3 Slay+3 SInv}
   (You found it in the Desolation of Salt)

   [ring of see invisible]

   It affects your strength (+9).
   It affects your dexterity (+3).
   It affects your accuracy and damage with ranged weapons and melee attacks
   (+3).
   It makes you vulnerable to cold.
   It lets you see invisible.
 q - an amulet of regeneration (around neck)
 t - the ring "Quguxim" {+Inv +Fly rPois MP+9}
   (You found it on level 10 of the Dungeon)

   [ring of flight]

   It protects you from poison.
   It affects your magic capacity (+9).
   It lets you turn invisible.
   It lets you fly.
 u - the ring of Foph {rF- EV+2 Str+5 Slay+3}
   (You took it off a deep elf death mage on level 3 of the Elven Halls)

   [ring of evasion]

   It affects your evasion (+2).
   It affects your strength (+5).
   It affects your accuracy and damage with ranged weapons and melee attacks
   (+3).
   It makes you vulnerable to fire.
 D - the ring of Kyblafuy (right hand) {+Fly rF++ Str+2 Int+5 Dex-2}
   (You found it on level 3 of the Elven Halls)

   [ring of intelligence]

   It affects your strength (+2).
   It affects your intelligence (+5).
   It affects your dexterity (-2).
   It greatly protects you from fire.
   It lets you fly.
 G - an uncursed ring of resist corrosion
 S - an uncursed ring of protection from cold
Wands
 f - a wand of disintegration (18/24)
 h - a wand of iceblast (9/15)
 j - a wand of paralysis (10/24)
 k - a wand of disintegration (4/24)
 l - a wand of acid (5/15)
 w - a wand of enslavement (2/24)
 H - a wand of enslavement (4/24)
 K - a wand of iceblast (7/15)
 M - a wand of confusion (23/48)
 N - a wand of paralysis (8/24)
 O - a wand of hasting (5/9)
 P - a wand of teleportation (4/9)
 Q - a wand of heal wounds (1/9)
 T - a wand of digging (10/24)
 U - a wand of teleportation (5/9)
Scrolls
 d - 3 scrolls of fear
 g - 22 scrolls of remove curse
 m - 15 scrolls of teleportation
 o - 2 scrolls of summoning
 r - 9 scrolls of blinking
 s - 6 scrolls of magic mapping
 y - 4 scrolls of recharging
 I - 3 scrolls of silence
 J - 11 scrolls of identify
 R - 4 scrolls of torment
 Y - 2 scrolls of fog
Books
 v - a book of the Warp

   Spells                             Type                      Level
   a - Gell's Gravitas                Hexes/Translocation          3
   b - Portal Projectile              Translocation                3
   c - Force Lance                    Conjuration/Translocation    4
   d - Dispersal                      Translocation                6
   e - Controlled Blink               Translocation                8
   f - Disjunction                    Translocation                8
Miscellaneous
 b - a figurine of a ziggurat
 i - 3 phantom mirrors
 E - a phial of floods
 L - a lamp of fire
 V - 4 sacks of spiders
 Z - 5 boxes of beasts


   Skills:
 + Level 19.6 Fighting
   Level 1.8(11.0) Short Blades
 - Level 16.1 Long Blades
 - Level 10.4 Armour
 - Level 14.3 Dodging
 - Level 4.5 Stealth
 + Level 21.2 Shields
 - Level 12.2 Spellcasting
 - Level 3.7 Hexes
 - Level 6.4 Charms
 * Level 11.9 Summonings
 - Level 17.0 Necromancy
 - Level 10.6 Translocations
   Level 1.0 Ice Magic
 - Level 5.1 Air Magic
 - Level 6.7 Invocations
 - Level 13.0 Evocations


You had 5 spell levels left.
You knew the following spells:

 Your Spells              Type           Power        Failure   Level  Hunger
a - Animate Skeleton      Necr           N/A          0%          1    N/A
b - Corona                Hex            ####...      3%          1    N/A
c - Passage of Golubria   Tloc           N/A          1%          4    N/A
d - Control Undead        Necr           ########..   1%          4    N/A
f - Corpse Rot            Necr           N/A          1%          2    N/A
g - Infestation           Necr           ########..   82%         8    N/A
h - Lesser Beckoning      Tloc           ######....   1%          3    N/A
i - Song of Slaying       Chrm           #####...     1%          2    N/A
j - Blink                 Tloc           N/A          1%          2    N/A
k - Apportation           Tloc           ######....   1%          1    N/A
l - Haunt                 Necr/Summ      ########..   30%         7    N/A
m - Summon Butterflies    Summ           ######..     1%          1    N/A
n - Aura of Abjuration    Summ           ######....   2%          5    N/A
w - Repel Missiles        Chrm/Air       #####.       1%          2    N/A
F - Swiftness             Chrm/Air       #####...     1%          2    N/A

Dungeon Overview and Level Annotations

Branches:
Dungeon (15/15)            Temple (1/1) D:4            Lair (6/6) D:10
 Shoals (4/4) Lair:4       Spider (4/4) Lair:4        Slime (5/5) Lair:5
    Orc (2/2) D:9             Elf (3/3) Orc:2        Vaults (5/5) D:14
  Crypt (3/3) Vaults:3       Tomb (3/3) Crypt:3      Depths (5/5) D:15
    Zot (0/5) Depths:5

Altars:
Ashenzari
Kikubaaqudgha
Okawaru
Ru
Sif Muna
Trog
Vehumet
Beogh
Jiyva

Shops:
D:5 }}   D:7 [   D:10 [   D:14 *   Orc:1 !   Orc:2 :(}?   Elf:2 %   Vaults:2 :
Depths:4 ?

Portals:
Hell: Depths:1 Depths:2 Depths:3 Depths:4 Depths:5
Abyss: Depths:2 Depths:3 Depths:4 Depths:5
Pandemonium: Depths:3
Ziggurat: Depths:3

Annotations:
D:3 Grinder
D:4 exclusions: door, orc and 1 more exclusion, Edmund; brucemayne's ghost, amateur HOMo
D:9 exclusion: downstairs
Lair:1 exclusion: oklob plant
Lair:6 PeterLawrence's ghost, journeyman MiFi
Shoals:1 merfolk impaler, exclusion: oklob plant
Shoals:2 exclusion: alligator snapping turtle
Shoals:3 exclusions: kraken and 4 more exclusions
Spider:2 exclusion: Roxanne, Roxanne
Tomb:3 exclusion: 2 upstairs
Pan Cerebov


Innate Abilities, Weirdness & Mutations

You do not eat or drink.
Your flesh is vulnerable to fire.
You are immune to poison.
Your flesh is cold resistant. (rC+)
You are immune to negative energy. (rN+++)
You are immune to unholy pain and torment.
You can survive without breathing.
You are strongly in touch with the powers of death.


Message History

The infernal blood saint seems to slow down.
The Brimstone Fiend completely misses you.
You riposte.
You slash the Brimstone Fiend!
The Brimstone Fiend is lightly wounded.
You block the Brimstone Fiend's attack. The Brimstone Fiend closely misses you.
The balrug gestures at you. Something smites you!
* * * LOW HITPOINT WARNING * * *
The infernal warmonger calls down the wrath of its god upon you.
Nothing appears to happen.
Unknown command.
Blink to where?
Press: ? - help, Dir - move target cursor
As you read the scroll of blinking, it crumbles to dust.
Blink to where?
Press: ? - help, Dir - move target cursor
As you read the scroll of blinking, it crumbles to dust.
Cerebov gestures at you. The iron shot hits you!
You die...

#.:.# #...# ##6##### ##
#.2.6..## ..#
#..6..1...####...#
#..2####......'.. ..
#.... §≈###..(.## ##..
#. #....##§≈≈§..§...#
#... #.
#...##@....≈≈....###(..
#.
#..##.#...#≈≈≈....'....
#.
'..#[.#..&#§≈≈....'..§§
#. ##.#...#≈≈≈....'..§v
#.#### ##
....≈≈....###.2§ #....#
≈≈≈§......# #§v§
#....## ≈§###....##
##§§ #.....## ### ..
#.. #......## #.v


You could see Cerebov.

Vanquished Creatures
  Gloorx Vloq (Pan)
  An ancient lich (Tomb:1)
  Mara (Crypt:1)
  A juggernaut (Depths:2)
  5 pandemonium lords (Pan)
  12 greater mummies
  Bai Suzhen (Crypt:1)
  Margery (Crypt:3)
  3 golden dragons
  the Enchantress (Depths:5)
  Nikola (Elf:3)
  A bone dragon (Crypt:3)
  7 liches
  A Tzitzimitl (Pan)
  A shard shrike zombie (Crypt:2)
  A Brimstone Fiend (Pan)
  2 Hell Sentinels (Pan)
  2 tentacled monstrosities
  6 Ice Fiends (Pan)
  7 titans
  A moon troll (WizLab)
  3 quicksilver dragons
  Asterion (Depths:2)
  3 deep elf blademasters
  2 deep elf master archers (Elf:3)
  8 tentacled starspawn (WizLab)
  7 ancient champions
  12 sphinxes
  13 acid blobs
  14 Executioners (Pan)
  6 shadow dragons
  Kirke (Shoals:1)
  3 storm dragons
  7 tengu reavers
  6 azure jellies
  3 imperial myrmidons (Desolation)
  6 fire giants
  A draconian knight (Depths:5)
  Aizul (Shoals:4)
  4 cacodemons
  A draconian scorcher (Depths:5)
  4 ghost moths
  11 deep elf sorcerers
  10 frost giants
  Louise (Spider:1)
  An orc warlord (Vaults:4)
  14 vault wardens
  5 deep elf elementalists
  7 emperor scorpions
  13 balrugs (Pan)
  5 curse skulls
  An iron dragon (Depths:4)
  4 warmongers (Pan)
  4 spriggan defenders
  14 ironheart preservers
  2 blood saints (Pan)
  2 ghouls (Crypt:2)
  11 reapers (Pan)
  A juggernaut skeleton (Crypt:1)
  6 war gargoyles
  28 very ugly things
  A corrupter (Pan)
  An apis (Pan)
  9 vampire knights
  30 stone giants
  6 entropy weavers
  An ophan (Pan)
  2 black suns (Pan)
  6 deep elf demonologists
  3 lorocyprocas (Pan)
  A black draconian (Depths:5)
  2 green draconians (Depths:5)
  5 deep elf annihilators
  17 spark wasps
  A dire elephant (D:15)
  A purple draconian (Depths:5)
  A white draconian (Depths:5)
  2 halazid warlocks (Desolation)
  9 fire dragons
  19 mummy priests
  9 merfolk impalers
  3 merfolk javelineers (Shoals:4)
  5 green deaths (Pan)
  6 blizzard demons (Pan)
  2 crystal guardians
  Josephine (Shoals:1)
  8 ettins
  A minotaur (Lab)
  A quicksilver dragon zombie (Crypt:1)
  11 deep elf death magi
  22 yaktaur captains
  4 monstrous demonspawn (Pan)
  18 jiangshi
  3 deep elf high priests
  4 death oozes
  Harold (D:10)
  7 ragged hierophants (Desolation)
  12 ice dragons
  3 servants of whispers (Desolation)
  15 great orbs of eyes
  29 vault guards
  4 peacekeepers (Desolation)
  A catoblepas (Lair:6)
  A hell beast (Pan)
  6 hydras
  6 rakshasas
  4 merfolk aquamancers
  A quicksilver dragon skeleton (Crypt:3)
  2 alligator snapping turtles (Shoals:4)
  5 spriggan air magi
  Erica (D:9)
  9 centaur warriors
  3 merfolk avatars
  4 death knights
  7 death yaks
  44 death scarabs
  14 ogre magi
  A satyr (Shoals:3)
  7 spriggan berserkers
  9 deep troll earth magi
  24 dancing weapons
  10 vampire magi
  12 deep troll shamans
  A queen ant (Spider:4)
  15 tengu warriors
  19 hell knights
  21 deep elf knights
  Nergalle (Orc:2)
  14 soul eaters (Pan)
  15 sun demons (Pan)
  A fire crab (Lair:6)
  9 small abominations
  A fire crab (shapeshifter) (Depths:1)
  6 sixfirhies (Pan)
  36 skeletal warriors
  2 iron trolls
  2 titan skeletons
  An iron troll (shapeshifter) (Vaults:5)
  4 shadow wraiths
  A cherub (Pan)
  An orange crystal statue (WizLab)
  11 sea snakes
  A swamp dragon (shapeshifter) (D:15)
  6 unseen horrors
  3 starcursed masses (WizLab)
  8 wizards
  6 gelid demonspawn (Pan)
  13 glowing orange brains
  5 infernal demonspawn (Pan)
  2 flayed ghosts
  44 deep trolls
  19 deep elf archers
  3 torturous demonspawn (Pan)
  A hill giant (shapeshifter) (Depths:3)
  27 harpies
  12 orc knights
  A golden dragon skeleton (Tomb:3)
  2 shadow dragon zombies
  A lindwurm (Lair:6)
  A lindwurm (shapeshifter) (Vaults:5)
  6 necromancers
  An anaconda skeleton (Pan)
  An orb spider (shapeshifter) (Vaults:3)
  A harpy (shapeshifter) (Vaults:1)
  10 phantasmal warriors
  24 ironbrand convokers
  7 hill giants
  2 shadow dragon skeletons
  18 orb spiders
  An iron dragon zombie (Crypt:3)
  32 wolf spiders
  78 ugly things
  11 orc sorcerers
  14 manticores
  3 shining eyes (Slime:5)
  75 deep elf magi
  2 salamanders (Depths:3)
  5 cyclopes
  A frost giant zombie (Crypt:1)
  A frost giant skeleton (Crypt:3)
  A moth of wrath (shapeshifter) (Vaults:2)
  2 fire giant skeletons
  15 elephants
  2 moths of wrath
  14 vault sentinels
  2 black mambas
  2 water nymphs
  An ice statue (Lair:6)
  9 sirens
  Maurice (D:11)
  6 eyes of devastation
  A black mamba (shapeshifter) (Depths:3)
  A dire elephant zombie (Crypt:3)
  7 gargoyles
  A guardian serpent (shapeshifter) (Depths:1)
  A naga mage (D:15)
  4 torpor snails
  A dire elephant skeleton (Tomb:3)
  A molten gargoyle (Desolation)
  Psyche (D:10)
  8 spiny frogs
  8 orange demons (Pan)
  14 smoke demons
  2 rime drakes
  5 komodo dragons
  A yaktaur (shapeshifter) (Depths:2)
  67 yaktaurs
  3 kobold demonologists
  An ice devil (Lair:6)
  2 tormentors (Pan)
  3 efreet
  21 demonic crawlers
  5 hellwings (Pan)
  17 freezing wraiths
  36 guardian mummies
  4 tengu conjurers
  7 trolls
  A harpy zombie (Crypt:2)
  15 red devils
  31 jumping spiders
  41 merfolk
  3 polar bears (Lair:6)
  3 meliai (D:13)
  A queen bee (Lair:3)
  A hydra skeleton (Crypt:3)
  27 blink frogs
  An iron dragon simulacrum (Tomb:3)
  A wind drake (shapeshifter) (Vaults:4)
  3 wind drakes
  19 two-headed ogres
  14 hornets
  28 saltlings (Desolation)
  70 slime creatures
  5 snapping turtles
  11 dream sheep
  A hippogriff (shapeshifter) (Vaults:2)
  16 hippogriffs
  17 large abominations
  86 redbacks
  4 flying skulls
  6 air elementals
  5 shadows
  4 ettin skeletons
  7 wyverns
  11 wraiths
  2 spriggans
  20 water elementals
  43 tarantellas
  14 ynoxinuls (Pan)
  3 ushabtiu
  5 vampires (Crypt:3)
  2 fire dragon skeletons (Pan)
  32 yaks
  2 basilisks
  2 fire elementals
  3 hogs (Shoals:1)
  18 humans (D:14)
  A human (shapeshifter) (Vaults:1)
  A basilisk (shapeshifter) (Elf:1)
  4 chaos spawn
  A dire elephant simulacrum (Crypt:1)
  4 neqoxecs
  11 golden eyes
  A steam dragon (D:15)
  A fire bat (shapeshifter) (Depths:2)
  6 hungry ghosts
  Grum (D:8)
  7 mottled dragons
  3 wargs
  A soldier ant (shapeshifter) (Vaults:1)
  12 water moccasins
  25 soldier ants (Spider:4)
  A floating eye (shapeshifter) (Depths:4)
  A water moccasin (shapeshifter) (Vaults:3)
  5 porcupines
  6 ice beasts
  39 orc warriors
  4 sky beasts
  A snapping turtle zombie (Crypt:3)
  A spiny frog skeleton (Crypt:3)
  4 black bears
  An ice dragon simulacrum (Vaults:1)
  2 phantoms (D:9)
  25 wolves
  A black mamba simulacrum (Crypt:1)
  6 boggarts
  6 eyes of draining
  A black bear (shapeshifter) (Vaults:3)
  An elephant skeleton (Crypt:2)
  50 ogres
  A tengu (shapeshifter) (Vaults:4)
  24 centaurs
  3 necrophages
  A swamp dragon skeleton (Crypt:3)
  2 big kobolds
  9 crocodiles
  20 bullfrogs
  An earth elemental (Elf:3)
  3 scorpions
  A wyvern skeleton (D:13)
  32 killer bees
  3 electric eels
  19 wights
  A polar bear skeleton (Crypt:2)
  15 jellies
  7 crimson imps
  A bullfrog zombie (D:11)
  A quasit (D:15)
  A centaur zombie (D:6)
  6 hounds
  2 human zombies
  34 orc wizards
  3 bullfrog skeletons
  19 orc priests
  2 iron imps
  5 centaur skeletons
  A two-headed ogre skeleton (Crypt:2)
  3 iguanas
  4 hell rats (Lair:3)
  30 worker ants
  A naga skeleton (Crypt:1)
  A hound skeleton (Crypt:1)
  39 mummies
  A howler monkey zombie (D:7)
  2 worker ant zombies
  7 adders
  3 gnolls
  4 shadow imps
  14 white imps
  4 oozes
  An adder zombie (Crypt:1)
  5 worms
  2 dart slugs (D:1)
  5 leopard geckos
  98 orcs
  2 ball pythons
  8 giant cockroaches
  3 goblins
  6 hobgoblins
  11 jackals
  14 kobolds
  3 quokkas
  A river rat zombie (Crypt:1)
  A ball python zombie (D:5)
  8 bats
  3 frilled lizards
  A quokka skeleton (Crypt:1)
  4 rats
  A rat skeleton (Crypt:1)
  5 crawling corpses
  3 plants
  7 starspawn tentacles (WizLab)
2980 creatures vanquished.

Vanquished Creatures (collateral kills)
  the Royal Jelly (Slime:5)
  An ancient lich (Tomb:2)
  A greater mummy (Tomb:2)
  An acid blob (Slime:5)
  A revenant (Tomb:3)
  An ironheart preserver (Vaults:4)
  4 very ugly things
  6 bennus (Tomb:3)
  A merfolk javelineer (Shoals:4)
  A merfolk impaler (Shoals:3)
  A great orb of eyes (Vaults:4)
  6 mummy priests
  A merfolk avatar (Shoals:4)
  A merfolk aquamancer (Shoals:3)
  16 death scarabs
  3 skeletal warriors
  A sea snake (Shoals:4)
  3 deep trolls (Vaults:4)
  2 orc knights
  A human skeleton (Vaults:3)
  4 ugly things
  2 salamanders (Depths:3)
  An orange demon (Pan)
  An efreet (Pan)
  A demonic crawler (Pan)
  2 yaktaurs (Vaults:2)
  7 guardian mummies
  A yaktaur skeleton (Vaults:3)
  A merfolk (Shoals:3)
  A hippogriff (Shoals:4)
  A hydra skeleton (Crypt:3)
  A snapping turtle (Shoals:2)
  2 water elementals
  An ettin skeleton (Crypt:3)
  3 ushabtiu (Tomb:2)
  2 wargs (Vaults:4)
  A tengu zombie (Crypt:3)
  6 mummies
  5 orcs
96 creatures vanquished.

Vanquished Creatures (others)
  An Ice Fiend (Pan)
  A revenant (Tomb:2)
  A white draconian (Depths:5)
  5 death scarabs (Tomb:2)
  A shadow wraith (Crypt:2)
  An infernal demonspawn (Pan)
  A gargoyle (Crypt:3)
  A ynoxinul (Pan)
  3 flying skulls (Tomb:3)
  A golden eye (Slime:2)
  A small abomination (Depths:4)
  3 orc wizards
  2 mummies (Tomb:2)
  2 ufetubi (IceCv)
  4 orcs
  A quokka skeleton (Crypt:1)
  5 fungi
  15 plants
  19 starspawn tentacles (WizLab)
  14 withered plants (Crypt:3)
82 creatures vanquished.

Grand Total: 3158 creatures vanquished

Notes
Turn   | Place    | Note
-------+----------+-------------------------------------------
     0 | D:1      | Leszczynek the Mummy Enchanter began the quest for the Orb.
     0 | D:1      | Reached XP level 1. HP: 13/13 MP: 3/3
   168 | D:1      | Reached skill level 3 in Hexes
   468 | D:1      | Reached XP level 2. HP: 19/19 MP: 3/5
   651 | D:1      | Learned a level 2 spell: Ensorcelled Hibernation
  1304 | D:2      | Reached skill level 1 in Ice Magic
  1363 | D:2      | Reached XP level 3. HP: 9/24 MP: 1/6
  2653 | D:3      | Reached skill level 1 in Long Blades
  2717 | D:3      | Reached XP level 4. HP: 17/30 MP: 7/7
  2847 | D:3      | Learned a level 3 spell: Confuse
  2955 | D:3      | Noticed Grinder
  3411 | D:3      | Reached skill level 2 in Long Blades
  3484 | D:4      | Reached XP level 5. HP: 18/36 MP: 8/8
  3992 | D:4      | Noticed Edmund
  4026 | D:4      | Reached skill level 3 in Long Blades
  4060 | D:4      | Noticed brucemayne's ghost (amateur HOMo)
  4086 | D:5      | Entered Level 5 of the Dungeon
  4179 | D:4      | Found a staircase to the Ecumenical Temple.
  4184 | Temple   | Entered the Ecumenical Temple
  4221 | Temple   | Became a worshipper of Warmaster Okawaru
  4527 | D:5      | Found Cula Cobu's Gadget Shoppe.
  4558 | D:5      | Noticed a centaur
  4583 | D:5      | Killed a centaur
  4583 | D:5      | Reached skill level 4 in Long Blades
  4583 | D:5      | Reached XP level 6. HP: 6/42 MP: 9/9
  4984 | D:5      | Found Luomevyt's Gadget Emporium.
  5370 | D:5      | Reached skill level 5 in Long Blades
  5391 | D:5      | Reached * piety under Okawaru
  5391 | D:5      | Reached XP level 7. HP: 14/47 MP: 10/10
  5835 | D:5      | Reached skill level 6 in Long Blades
  6319 | D:6      | Reached ** piety under Okawaru
  6319 | D:6      | Reached skill level 7 in Long Blades
  6319 | D:6      | Reached XP level 8. HP: 17/53 MP: 7/11
  6328 | D:6      | i should've been so dead already
  6691 | D:6      | Found a sacrificial altar of Ru.
  7207 | D:7      | Reached skill level 8 in Long Blades
  7233 | D:7      | Reached skill level 1 in Fighting
  7299 | D:7      | Found a deep blue altar of Sif Muna.
  7617 | D:7      | Noticed a red ugly thing
  7618 | D:7      | what
  7620 | D:7      | "creaks loudly"
  7620 | D:7      | t-thanks
  7664 | D:7      | Reached skill level 2 in Fighting
  7830 | D:7      | Reached skill level 3 in Fighting
  7875 | D:7      | Found Dazyvul's Antique Armour Emporium.
  7882 | D:7      | Bought a transparent buckler for 247 gold pieces
  7887 | D:7      | Identified the +4 buckler of Pandemonium {rElec Stlth+} (You bought it in a shop on level 7 of the Dungeon)
  7887 | D:7      | :O
  7887 | D:7      | wow this game
  8056 | D:8      | Reached skill level 1 in Shields
  8087 | D:8      | Noticed a hippogriff
  8099 | D:8      | Killed a hippogriff
  8178 | D:8      | Reached *** piety under Okawaru
  8178 | D:8      | Reached XP level 9. HP: 37/64 MP: 12/12
  8406 | D:8      | Reached skill level 2 in Shields
  8873 | D:8      | Reached skill level 9 in Long Blades
  8875 | D:8      | Identified Sif Muna's Incunabulum of Earthen Ice
  9162 | D:8      | Noticed Grum
  9182 | D:8      | Reached skill level 3 in Shields
  9202 | D:8      | Killed Grum
  9588 | D:9      | Reached skill level 10 in Long Blades
 10038 | D:9      | Found a staircase to the Orcish Mines.
 10160 | D:9      | Learned a level 1 spell: Animate Skeleton
 10165 | D:9      | Learned a level 4 spell: Control Undead
 10223 | D:9      | Noticed a troll
 10246 | D:9      | Killed a troll
 10246 | D:9      | Reached skill level 4 in Shields
 10278 | D:9      | Reached **** piety under Okawaru
 10278 | D:9      | Reached XP level 10. HP: 54/71 MP: 13/13
 10295 | D:9      | Reached skill level 2 in Dodging
 10569 | D:9      | Found a radiant altar of Vehumet.
 10577 | D:9      | Reached skill level 4 in Fighting
 11111 | D:9      | Reached skill level 1 in Invocations
 11202 | D:10     | Entered Level 10 of the Dungeon
 11213 | D:10     | Noticed a white ugly thing
 11255 | D:9      | Reached skill level 2 in Invocations
 11399 | D:10     | Reached skill level 3 in Invocations
 11462 | D:10     | Found Jontyk's Armour Shop.
 11499 | D:10     | Reached skill level 4 in Invocations
 11600 | D:10     | Noticed a hill giant
 11933 | D:10     | Got an ancient wooden ring
 11935 | D:10     | Identified the ring "Quguxim" {+Inv +Fly rPois MP+9} (You found it on level 10 of the Dungeon)
 11964 | D:10     | Noticed Harold
 11965 | D:10     | OH COME ON
 11992 | D:10     | Reached skill level 5 in Invocations
 12219 | D:10     | Noticed a hill giant
 12228 | D:10     | Noticed Psyche
 12235 | D:10     | Killed Psyche
 12331 | D:11     | Noticed a hill giant
 12350 | D:10     | Reached ***** piety under Okawaru
 12350 | D:10     | Reached skill level 6 in Invocations
 12432 | D:10     | Killed a hill giant
 12461 | D:10     | Reached skill level 1 in Short Blades
 12482 | D:11     | Noticed a hill giant
 12491 | D:11     | Killed a hill giant
 12532 | D:11     | Received a gift from Okawaru
 12925 | D:11     | Reached XP level 11. HP: 78/78 MP: 16/16
 13053 | D:11     | Noticed Maurice
 13105 | D:11     | Killed Maurice
 13105 | D:11     | Reached skill level 3 in Dodging
 13393 | D:11     | Reached skill level 5 in Fighting
 13529 | D:11     | Reached skill level 11 in Long Blades
 13728 | D:11     | Killed a hill giant
 13938 | D:12     | Noticed a green ugly thing
 13953 | D:12     | Reached skill level 4 in Dodging
 13968 | D:12     | Killed a green ugly thing
 14371 | D:12     | Reached skill level 6 in Fighting
 14563 | D:12     | Noticed a hill giant
 14572 | D:12     | Killed a hill giant
 14755 | D:12     | Noticed a white ugly thing
 14778 | D:12     | Killed a white ugly thing
 15069 | D:7      | Bought a shiny helmet for 273 gold pieces
 15299 | D:10     | Found a staircase to the Lair.
 15305 | D:10     | oh fuck
 15305 | D:10     | how did he wake up?
 15310 | Lair:1   | Entered Level 1 of the Lair of Beasts
 15319 | Lair:1   | Noticed a five-headed hydra
 15329 | Lair:1   | Killed a five-headed hydra
 15407 | Lair:1   | Received a gift from Okawaru
 15408 | Lair:1   | Got a pair of transparent gloves {god gift}
 15419 | Lair:1   | Identified the +0 pair of gloves of Ukafesh {Slay+3} (Okawaru gifted it to you on level 1 of the Lair of Beasts)
 15542 | Lair:1   | Noticed a six-headed hydra
 15582 | Lair:1   | Killed a six-headed hydra
 15582 | Lair:1   | Reached skill level 12 in Long Blades
 15582 | Lair:1   | Reached skill level 5 in Dodging
 15582 | Lair:1   | Reached XP level 12. HP: 55/89 MP: 15/17
 15845 | Lair:1   | Reached skill level 7 in Fighting
 15875 | Lair:1   | Identified a scroll of acquirement
 16352 | Lair:2   | Found a labyrinth entrance.
 16383 | Lab      | Entered a labyrinth
 16553 | Lab      | Noticed a minotaur
 16568 | Lab      | Killed a minotaur
 16568 | Lab      | Reached skill level 2 in Evocations
 16582 | Lab      | nice
 16582 | Lab      | no rF- anymore
 16588 | Lab      | Identified the Tome of Snow
 16589 | Lab      | Got a brightly glowing turquoise ring
 16590 | Lab      | damn man
 16590 | Lab      | Got an encrusted helmet
 16590 | Lab      | Got a fine helmet
 16590 | Lab      | Got a polished chain mail
 16702 | Lab      | Identified the ring of Elyvilon's Envy {AC+3 Int+2} (You found it in a labyrinth)
 16703 | Lab      | not much to envy tbh
 16713 | Lab      | Identified the cursed +0 helmet of the Arcane {*Contam +Fly Slay+3} (You found it in a labyrinth)
 16713 | Lab      | Identified the cursed +0 helmet "Wuutog" {*Corrode rPois Str+3 Int+2} (You found it in a labyrinth)
 16725 | Lab      | Identified the +6 chain mail "Wobueclu" {MR+ Dex+3} (You found it in a labyrinth)
 16765 | Lair:2   | Identified a +2 rod of shadows (9/9) (You found it in a labyrinth)
 16768 | Lair:2   | this has to be one of the best labyrinths i ever found
 16768 | Lair:2   | i can't wait to see how i will splat this character
 17737 | Lair:3   | You fall through a shaft!
 17773 | Lair:4   | Reached skill level 3 in Evocations
 17904 | Lair:4   | Found a staircase to the Shoals.
 18055 | Lair:4   | Received a gift from Okawaru
 18167 | Lair:4   | Reached skill level 8 in Fighting
 18418 | Lair:3   | Reached skill level 13 in Long Blades
 18447 | Lair:3   | Reached skill level 4 in Evocations
 18600 | Lair:3   | Noticed a six-headed hydra
 18611 | Lair:3   | Killed a six-headed hydra
 18882 | Lair:3   | Gained mutation: You are in touch with the powers of death. [Mummy growth]
 18882 | Lair:3   | Reached XP level 13. HP: 99/99 MP: 18/18
 19251 | Lair:3   | Received a gift from Okawaru
 19258 | Lair:3   | 13 in long blades, 9 in short blades, 0 in everything else and i got a glaive and a flail as a gift
 19258 | Lair:3   | wew lad
 19973 | Lair:4   | Found a hole to the Spider Nest.
 19999 | Lair:4   | of course i'll get spider if i'm a mummy
 20090 | Lair:4   | Reached skill level 9 in Fighting
 20224 | Lair:4   | Learned a level 2 spell: Repel Missiles
 20227 | Lair:4   | Learned a level 2 spell: Swiftness
 20522 | Lair:5   | Reached skill level 5 in Evocations
 20532 | Lair:5   | gift
 20532 | Lair:5   | oops, wrong command
 20555 | Lair:5   | Received a gift from Okawaru
 20627 | Lair:5   | Found a staircase to the Slime Pits.
 21067 | Lair:6   | Entered Level 6 of the Lair of Beasts
 21532 | Lair:6   | Reached skill level 14 in Long Blades
 21548 | Lair:6   | Noticed PeterLawrence's ghost (journeyman MiFi)
 22093 | Lair:6   | Reached skill level 6 in Dodging
 22231 | Lair:6   | Reached skill level 6 in Evocations
 22820 | Lair:6   | Got a slimy morningstar
 22821 | Lair:6   | Identified the +5 morningstar of Impermanence {freeze, rC++ SInv} (You found it on level 6 of the Lair of Beasts)
 23272 | Lair:6   | Reached skill level 10 in Fighting
 23299 | Lair:6   | Reached XP level 14. HP: 94/110 MP: 19/19
 23302 | Lair:6   | Reached skill level 7 in Dodging
 23602 | Lair:6   | Received a gift from Okawaru
 23610 | Lair:6   | Reached ****** piety under Okawaru
 24275 | D:10     | Killed Harold
 24275 | D:10     | Reached skill level 8 in Dodging
 24377 | Orc:1    | Entered Level 1 of the Orcish Mines
 24377 | Orc:1    | Noticed Erica
 24377 | Orc:1    | Noticed a stone giant
 24389 | D:9      | Killed Erica
 24491 | Orc:1    | Found Lyirown's Distillery.
 24505 | Orc:1    | Killed a stone giant
 24550 | Orc:1    | Found a frozen archway.
 24607 | IceCv    | Entered an ice cave
 24607 | IceCv    | Noticed kroki's ghost (journeyman DgIE)
 24628 | Orc:1    | nice ghost
 25105 | Orc:2    | Entered Level 2 of the Orcish Mines
 25226 | Orc:2    | Found a staircase to the Elven Halls.
 25396 | Orc:2    | Reached skill level 7 in Evocations
 26008 | Orc:2    | Found Juso's Magic Scroll Emporium.
 26019 | Orc:2    | Reached skill level 1 in Armour
 26221 | Orc:2    | Found an ancient bone altar of Kikubaaqudgha.
 26222 | Orc:2    | Noticed Nergalle
 26328 | Orc:2    | Killed Nergalle
 26328 | Orc:2    | Reached skill level 2 in Armour
 26398 | Orc:2    | Found Juvich's Gadget Emporium.
 26409 | Orc:2    | Found a radiant altar of Vehumet.
 26437 | Orc:2    | Received a gift from Okawaru
 26584 | Orc:2    | Found a roughly hewn altar of Beogh.
 26584 | Orc:2    | Found Romu Qej's Antique Weapon Shoppe.
 26602 | Orc:2    | Found Inwuta's Book Shoppe.
 26606 | Orc:2    | Reached skill level 11 in Fighting
 26935 | D:12     | Reached skill level 3 in Armour
 27196 | Orc:2    | Bought a manual of Dodging for 1656 gold pieces
 27695 | D:13     | Reached skill level 9 in Dodging
 28369 | D:13     | Got a steaming granite ring
 28372 | D:13     | Identified the ring "Cifed" {MP+9 AC+3 Str-5 Stlth+} (You took it off a centaur warrior on level 13 of the Dungeon)
 28830 | D:14     | Found Eseg's Assorted Antiques.
 28929 | D:14     | Reached skill level 10 in Dodging
 28969 | D:14     | Reached XP level 15. HP: 114/118 MP: 20/20
 29051 | D:14     | Reached skill level 8 in Evocations
 29219 | D:14     | Found a gate to the Vaults.
 29282 | D:14     | Received a gift from Okawaru
 30154 | D:14     | Reached skill level 11 in Dodging
 30269 | D:15     | Entered Level 15 of the Dungeon
 30623 | D:15     | Reached skill level 4 in Armour
 30764 | D:15     | Found a staircase to the Depths.
 30865 | D:15     | Reached skill level 12 in Dodging
 30873 | D:15     | Received a gift from Okawaru
 31667 | D:15     | Upgraded the game from 0.20-a0-9-g62d82d9 to 0.20-a0-11-ga97c7b5
 31667 | D:15     | so, either shoals or spider huh
 31667 | D:15     | bad and worse
 31667 | D:15     | except i'm not sure which is worse :)
 31932 | Shoals:1 | Entered Level 1 of the Shoals
 32225 | Shoals:1 | Noticed Kirke
 32283 | Shoals:1 | Killed Kirke
 32283 | Shoals:1 | Reached skill level 5 in Armour
 32413 | Shoals:1 | Reached skill level 13 in Dodging
 32775 | Shoals:1 | how can i get engulfed? i mean what does it even do to an undead?
 33117 | Shoals:1 | Reached skill level 12 in Fighting
 33248 | Shoals:1 | Noticed Josephine
 33279 | Shoals:1 | Killed Josephine
 33396 | Shoals:2 | Reached XP level 16. HP: 126/127 MP: 22/22
 33504 | Shoals:2 | Learned a level 4 spell: Passage of Golubria
 33507 | Shoals:2 | Learned a level 2 spell: Passwall
 34688 | Shoals:3 | Reached skill level 14 in Dodging
 34731 | Shoals:3 | "0%"
 34731 | Shoals:3 | love this
 34731 | Shoals:3 | it's too hard to make it "<1%", better have it as "0%"
 34731 | Shoals:3 | after all it's obvious there's still a small chance, right?
 34731 | Shoals:3 | obvious to devs only
 35199 | Shoals:3 | Received a gift from Okawaru
 35213 | Shoals:3 | Reached skill level 6 in Armour
 35571 | Shoals:3 | Noticed a kraken
 36020 | Shoals:4 | Entered Level 4 of the Shoals
 36566 | Spider:1 | Entered Level 1 of the Spider Nest
 36598 | Spider:1 | Reached skill level 7 in Armour
 36969 | Lair:4   | well
 36969 | Lair:4   | this is pretty depressing
 36969 | Lair:4   | do i really have to use the acquirement for a goddamn weapon
 37799 | Spider:3 | Reached skill level 9 in Evocations
 37849 | Spider:3 | Received a gift from Okawaru
 37850 | Spider:3 | runed bardiche
 37850 | Spider:3 | 14 in long blades
 37850 | Spider:3 | 10 in short blades
 37850 | Spider:3 | and i get one flail and two fucking polearms
 37908 | Spider:3 | Reached skill level 8 in Armour
 37967 | Spider:3 | Reached skill level 13 in Fighting
 38384 | Spider:3 | Reached skill level 1 in Air Magic
 38422 | Spider:3 | Reached skill level 1 in Charms
 38817 | Spider:3 | Reached XP level 17. HP: 97/136 MP: 24/24
 38859 | Spider:1 | see, i can get a good weapon
 38859 | Spider:1 | IF I ACQUIRE IT
 39053 | Spider:1 | Reached skill level 2 in Air Magic
 39099 | Spider:1 | Reached skill level 2 in Charms
 39846 | Spider:1 | Noticed Louise
 39867 | Spider:1 | Killed Louise
 39867 | Spider:1 | Received a gift from Okawaru
 39867 | Spider:1 | Reached skill level 10 in Evocations
 39946 | Spider:1 | Reached skill level 3 in Air Magic
 40074 | Spider:1 | Received a gift from Okawaru
 40074 | Spider:1 | Reached skill level 3 in Charms
 40474 | Spider:2 | Reached skill level 4 in Air Magic
 40518 | Spider:2 | Noticed Roxanne
 40647 | Spider:3 | Reached skill level 4 in Charms
 41175 | Spider:3 | Reached skill level 5 in Air Magic
 41416 | Spider:4 | Entered Level 4 of the Spider Nest
 41418 | Spider:4 | the vagina strikes again
 41572 | Spider:4 | Reached skill level 5 in Charms
 42141 | Spider:4 | Reached skill level 6 in Charms
 42884 | Spider:4 | Received a gift from Okawaru
 43110 | Spider:4 | Reached skill level 11 in Evocations
 43568 | Spider:4 | Got a gossamer rune of Zot
 43745 | Lair:4   | Reached XP level 18. HP: 143/143 MP: 26/26
 43950 | Shoals:4 | Reached skill level 1 in Translocations
 43957 | Shoals:4 | Identified the Incunabulum of the Birds and Hexes
 44151 | Shoals:4 | Reached skill level 2 in Translocations
 44452 | Shoals:4 | Reached skill level 3 in Translocations
 44573 | Shoals:4 | Received a gift from Okawaru
 44580 | Shoals:4 | Noticed Aizul
 44740 | Shoals:4 | Killed Aizul
 44864 | Shoals:4 | Got a barnacled rune of Zot
 45014 | Shoals:4 | Identified the cursed +0 broad axe "Beps" {elec, rC+} (You found it on level 4 of the Shoals)
 45080 | Shoals:4 | Reached skill level 4 in Translocations
 45125 | Shoals:4 | polyphemus, time to bail
 45574 | D:14     | Bought a large bronze amulet for 130 gold pieces
 45594 | D:14     | Bought a scroll of magic mapping for 91 gold pieces
 45915 | D:5      | Bought a lamp of fire for 520 gold pieces
 46108 | Vaults:1 | Entered Level 1 of the Vaults
 46290 | Vaults:1 | Reached skill level 12 in Evocations
 46410 | Vaults:1 | Reached skill level 5 in Translocations
 47246 | Vaults:1 | Received a gift from Okawaru
 47246 | Vaults:1 | Reached skill level 6 in Translocations
 47698 | Vaults:1 | Got a pitted steel ring
 47699 | Vaults:1 | Identified the ring "Waqakosu" {*Slow rElec MR+++ Int+2 Stlth+} (You acquired it on level 1 of the Vaults)
 47700 | Vaults:1 | :/
 47886 | Vaults:1 | Reached skill level 14 in Fighting
 48187 | Vaults:2 | Reached skill level 3 in Spellcasting
 48191 | Vaults:2 | Reached skill level 7 in Translocations
 48430 | Vaults:2 | Reached XP level 19. HP: 121/152 MP: 28/28
 48900 | Vaults:2 | Reached skill level 4 in Spellcasting
 49175 | Vaults:2 | Reached skill level 8 in Translocations
 49179 | Vaults:2 | Found Rygywe's Book Shoppe.
 49351 | Vaults:2 | Received a gift from Okawaru
 49844 | Vaults:2 | Reached skill level 5 in Spellcasting
 49859 | Vaults:2 | Reached skill level 9 in Translocations
 49896 | Vaults:2 | Got a bloodstained hat {god gift}
 49911 | Vaults:2 | Identified the +0 hat of Context {MR+ Regen+} (Okawaru gifted it to you on level 2 of the Vaults)
 50842 | Vaults:2 | Reached skill level 6 in Spellcasting
 51132 | Vaults:3 | Received a gift from Okawaru
 51132 | Vaults:3 | Reached skill level 10 in Translocations
 51133 | Vaults:3 | i'm not going to wear cpa oka
 51133 | Vaults:3 | unless it's that one cpa
 51263 | Vaults:3 | oh
 51263 | Vaults:3 | nice
 51281 | Vaults:3 | cloak of starlight
 51290 | Vaults:3 | Reached skill level 9 in Armour
 51813 | Vaults:3 | Reached skill level 1 in Necromancy
 51823 | Vaults:3 | Reached XP level 20. HP: 134/159 MP: 29/30
 51831 | Vaults:3 | Reached skill level 2 in Necromancy
 51889 | Vaults:3 | Reached skill level 3 in Necromancy
 52011 | Vaults:3 | Identified a +1 rod of inaccuracy (11/11) (You found it on level 3 of the Vaults)
 52115 | Vaults:3 | Found a staircase to the Crypt.
 52272 | Vaults:3 | Reached skill level 7 in Spellcasting
 52367 | Vaults:3 | Reached skill level 4 in Necromancy
 52934 | Vaults:4 | Reached skill level 5 in Necromancy
 53056 | Vaults:4 | Received a gift from Okawaru
 53172 | Vaults:4 | Reached skill level 10 in Armour
 53196 | Vaults:4 | Reached skill level 6 in Necromancy
 53752 | Vaults:4 | Reached skill level 7 in Necromancy
 54100 | Vaults:4 | Reached skill level 8 in Necromancy
 54294 | Vaults:4 | Reached skill level 15 in Fighting
 54978 | Vaults:4 | Reached skill level 9 in Necromancy
 54981 | Vaults:4 | Received a gift from Okawaru
 54988 | Vaults:4 | the first long blade gift
 54988 | Vaults:4 | and it's a falchion
 55065 | Vaults:4 | Upgraded the game from 0.20-a0-11-ga97c7b5 to 0.20-a0-16-g0876c8e
 55173 | Crypt:1  | Entered Level 1 of the Crypt
 55209 | Crypt:1  | Noticed Mara
 55210 | Crypt:1  | damn
 55217 | Crypt:1  | Noticed Leszczynek's illusion
 55243 | Crypt:1  | Killed Mara
 55264 | Crypt:1  | Reached XP level 21. HP: 168/168 MP: 31/31
 55370 | Crypt:1  | Noticed Bai Suzhen
 55405 | Crypt:1  | Killed Bai Suzhen
 55569 | Crypt:1  | Reached skill level 10 in Necromancy
 55689 | Crypt:1  | HP: 14/169 [something (9)]
 55693 | Crypt:1  | HP: 6/169 [something (23)]
 56009 | Crypt:1  | Received a gift from Okawaru
 56622 | Crypt:2  | Reached skill level 11 in Necromancy
 56631 | Crypt:2  | Reached skill level 13 in Evocations
 57113 | Crypt:2  | Reached skill level 3 in Stealth
 57443 | Crypt:3  | Entered Level 3 of the Crypt
 57917 | Crypt:3  | Reached skill level 4 in Stealth
 57983 | Crypt:3  | Identified the Disquisition on Fire and Talismans
 58145 | Crypt:3  | Received a gift from Okawaru
 58151 | Crypt:3  | Got a slimy cloak {god gift}
 58162 | Crypt:3  | Identified the -5 cloak of Happiness {Str+2 Dex+3} (Okawaru gifted it to you on level 3 of the Crypt)
 58162 | Crypt:3  | nice name
 58188 | Crypt:3  | Noticed Margery
 58359 | Crypt:3  | Killed Margery
 58359 | Crypt:3  | Reached skill level 16 in Fighting
 58511 | Crypt:3  | Reached skill level 15 in Long Blades
 58862 | Crypt:3  | Learned a level 2 spell: Corpse Rot
 58962 | Crypt:3  | Found an ancient bone altar of Kikubaaqudgha.
 59082 | Crypt:3  | Learned a level 6 spell: Shadow Creatures
 59172 | Crypt:3  | Reached skill level 1 in Summonings
 59400 | Crypt:3  | Reached XP level 22. HP: 176/178 MP: 32/32
 59459 | Crypt:3  | Reached skill level 2 in Summonings
 59602 | Crypt:3  | Found a staircase to the Tomb.
 59637 | Crypt:3  | Identified a +4 rod of inaccuracy (9/9) (You found it on level 3 of the Crypt)
 59975 | Crypt:2  | Reached skill level 3 in Summonings
 60403 | Elf:1    | Entered Level 1 of the Elven Halls
 60569 | Elf:1    | Reached skill level 4 in Summonings
 60725 | Elf:1    | Found a ruined gateway.
 60731 | Elf:1    | Reached skill level 5 in Summonings
 60741 | Desolati | Entered the Desolation of Salt
 60742 | Desolati | let's hope i don't fuck up
 60762 | Desolati | and boy is this location SLOW in webtiles
 60822 | Desolati | Received a gift from Okawaru
 60823 | Desolati | oka plz
 60823 | Desolati | Identified the +5 crystal plate armour of Broken Taboos {rCorr Int+4 Dex+3 Slay-2} (Okawaru gifted it to you in the Desolation of Salt)
 60824 | Desolati | i'm not going to wear a cpa with 15 str
 61187 | Desolati | Reached skill level 6 in Summonings
 61274 | Desolati | Identified Sif Muna's Volume of Frigorific Displacement
 61280 | Desolati | Learned a level 3 spell: Lesser Beckoning
 61663 | Desolati | Identified the +0 large shield "Enlif" {rElec rF+ rC++ Str+3} (You found it in the Desolation of Salt)
 61664 | Desolati | huh
 61664 | Desolati | damn
 61664 | Desolati | but there's no way i'll be able to wear this
 61670 | Desolati | Identified the ring "Yruett" {rC- Str+9 Dex+3 Slay+3 SInv} (You found it in the Desolation of Salt)
 61671 | Desolati | oh wow
 61774 | Elf:1    | Reached skill level 7 in Summonings
 61905 | Elf:1    | Learned a level 2 spell: Song of Slaying
 62543 | Elf:2    | Found a magical portal.
 62548 | WizLab   | Entered Lehudib's Moon Base
 62579 | WizLab   | Reached skill level 5 in Shields
 62908 | WizLab   | Reached skill level 6 in Shields
 63006 | WizLab   | Received a gift from Okawaru
 63012 | WizLab   | Got a pair of polished gloves {god gift}
 63023 | WizLab   | Identified the +1 pair of gloves of Ennui {rN+} (Okawaru gifted it to you in a wizard's laboratory)
 63064 | WizLab   | Reached skill level 8 in Summonings
 63346 | WizLab   | Reached skill level 7 in Shields
 63731 | WizLab   | Reached XP level 23. HP: 185/185 MP: 33/33
 64053 | WizLab   | Reached skill level 8 in Shields
 64059 | WizLab   | Identified Lehudib's Almanac of Stones and Shape Shifting
 64143 | Elf:2    | Found Joloz's Food Shoppe.
 64376 | Elf:2    | Found a huge runed gate.
 64376 | Elf:2    | Found a huge runed gate.
 64377 | Elf:2    | Found a huge runed gate.
 64378 | Elf:2    | Found a huge runed gate.
 64386 | Elf:2    | Found a huge runed gate.
 64870 | Elf:2    | Found a bloodstained altar of Trog.
 65054 | Elf:2    | Received a gift from Okawaru
 65054 | Elf:2    | Reached skill level 9 in Summonings
 65077 | Elf:2    | Reached skill level 9 in Shields
 65174 | Elf:2    | oh shit son
 65326 | Elf:2    | so no double sword here
 65326 | Elf:2    | oh well
 65536 | Elf:3    | Entered Level 3 of the Elven Halls
 65598 | Elf:3    | Noticed Nikola
 65616 | Elf:3    | Killed Nikola
 66000 | Elf:3    | Reached skill level 10 in Shields
 66501 | Elf:3    | Received a gift from Okawaru
 66949 | Elf:3    | Reached skill level 10 in Summonings
 67054 | Elf:3    | Reached skill level 11 in Shields
 67071 | Elf:3    | Got a pitted turquoise ring
 67088 | Elf:3    | Identified the ring of Foph {rF- EV+2 Str+5 Slay+3} (You took it off a deep elf death mage on level 3 of the Elven Halls)
 67089 | Elf:3    | these fucking rings man
 67270 | Elf:3    | Got a vibrating ivory ring
 67271 | Elf:3    | Identified the ring of Kyblafuy {+Fly rF++ Str+2 Int+5 Dex-2} (You found it on level 3 of the Elven Halls)
 67288 | Elf:3    | Learned a level 2 spell: Blink
 67288 | Elf:3    | Identified Caddaj's Disquisition on Shifting Displacement
 67291 | Elf:3    | Learned a level 1 spell: Apportation
 67320 | Elf:3    | Got a translucent scale mail
 67331 | Elf:3    | Identified the +3 scale mail "Nas Funaysk" {-Tele rElec Dex+6} (You took it off a deep elf blademaster on level 3 of the Elven Halls)
 67659 | Depths:1 | Entered Level 1 of the Depths
 67964 | Depths:1 | Received a gift from Okawaru
 68027 | Depths:1 | Reached skill level 12 in Shields
 68638 | Depths:1 | Found a gateway to Hell.
 68899 | Depths:2 | Reached XP level 24. HP: 179/193 MP: 33/33
 68917 | Depths:2 | Noticed Asterion
 68933 | Depths:2 | Killed Asterion
 69026 | Depths:2 | Reached skill level 13 in Shields
 69066 | Depths:2 | Received a gift from Okawaru
 69229 | Depths:2 | Found a one-way gate to the infinite horrors of the Abyss.
 69891 | Depths:2 | Reached skill level 14 in Shields
 70002 | Depths:2 | Noticed a juggernaut
 70028 | Depths:2 | Got a heavily runed crystal plate armour
 70059 | Depths:2 | Identified the cursed +0 crystal plate armour of Hangman {rElec} (You took it off a tengu warrior on level 2 of the Depths)
 70071 | Depths:2 | this game already spawned 4 CPAs
 70071 | Depths:2 | funny stuff
 70177 | Depths:2 | Killed a juggernaut
 70306 | Depths:2 | Received a gift from Okawaru
 70960 | Depths:3 | Reached skill level 15 in Shields
 71251 | Depths:3 | Found a one-way gate leading to the halls of Pandemonium.
 71316 | Depths:3 | Found a gateway to a ziggurat.
 72149 | Depths:3 | Received a gift from Okawaru
 72222 | Depths:3 | Reached skill level 16 in Shields
 72472 | Depths:4 | Found Xeegh's Magic Scroll Shoppe.
 72502 | Depths:4 | Bought a scroll of identify for 26 gold pieces
 72502 | Depths:4 | Bought a scroll of recharging for 123 gold pieces
 72502 | Depths:4 | Bought a scroll of teleportation for 39 gold pieces
 72502 | Depths:4 | Bought a scroll of identify for 26 gold pieces
 72502 | Depths:4 | Bought a scroll of magic mapping for 45 gold pieces
 72502 | Depths:4 | Bought a scroll of torment for 97 gold pieces
 72502 | Depths:4 | Bought a scroll of acquirement for 676 gold pieces
 72502 | Depths:4 | Bought a scroll of acquirement for 676 gold pieces
 72502 | Depths:4 | kek
 72503 | Depths:4 | what do i use them for though
 72503 | Depths:4 | hmmmmm
 72503 | Depths:4 | let's just try to get a double sword
 72504 | Depths:4 | hunting sling!
 72504 | Depths:4 | ha ha
 72506 | Depths:4 | and a double sword!
 72506 | Depths:4 | inb4 distortion
 72508 | Depths:4 | not the best brand, but we can work around that
 72510 | Depths:4 | Bought a scroll of enchant weapon for 97 gold pieces
 72510 | Depths:4 | Bought a scroll of enchant weapon for 97 gold pieces
 72764 | Depths:4 | what, another acquirement?
 72764 | Depths:4 | that'd be the 5th i think
 72764 | Depths:4 | this game man
 72767 | Depths:4 | Got a slimy zirconium amulet
 72768 | Depths:4 | Identified the amulet of Mounibb {Faith +Blink rPois MP+9 Stlth+} (You acquired it on level 4 of the Depths)
 72931 | Depths:4 | Reached XP level 25. HP: 165/199 MP: 33/33
 72985 | Depths:4 | Reached skill level 16 in Long Blades
 72994 | Depths:4 | Received a gift from Okawaru
 73005 | Depths:4 | Identified a +8 rod of ignition (11/11) (You found it on level 4 of the Depths)
 73161 | Depths:5 | Entered Level 5 of the Depths
 73177 | Depths:5 | Noticed the Enchantress
 73636 | Depths:5 | Killed the Enchantress
 73636 | Depths:5 | Reached skill level 17 in Shields
 73843 | Depths:5 | Got faerie dragon scales
 73867 | Depths:5 | Received a gift from Okawaru
 73868 | Depths:5 | Got an encrusted demon blade {god gift}
 73869 | Depths:5 | Identified the +9 demon blade of Wewe {flame, rPois rC+} (Okawaru gifted it to you on level 5 of the Depths)
 73870 | Depths:5 | oh, so you can if you want to
 73896 | Depths:5 | Identified the +7 faerie dragon scales {rF+ Str+3} (You took it off the Enchantress on level 5 of the Depths)
 73896 | Depths:5 | huh
 73896 | Depths:5 | that's a pretty damn good faerie dragon armour
 74113 | Depths:5 | Found a gate to the Realm of Zot.
 74776 | Depths:5 | Reached skill level 18 in Shields
 74807 | Depths:5 | ok, 32 str, 9 slaying, should be decent
 74838 | Depths:5 | let's test it out in slime
 75223 | Slime:1  | Entered Level 1 of the Pits of Slime
 75415 | Slime:2  | Received a gift from Okawaru
 75629 | Slime:5  | Entered Level 5 of the Pits of Slime
 75704 | Slime:5  | Noticed the Royal Jelly
 75757 | Slime:4  | the noise changes made trj come out much more often
 75757 | Slime:4  | pretty annoying
 75843 | Slime:5  | Found a viscous altar of Jiyva.
 76262 | Slime:5  | Killed the Royal Jelly
 76297 | Slime:5  | Reached skill level 17 in Fighting
 76529 | Slime:5  | Got a pair of smoking boots
 76554 | Slime:5  | Got a slimy rune of Zot
 76589 | Slime:4  | Identified the cursed +0 pair of boots of the Armadillo {rN+ Stlth+} (You found it on level 5 of the Pits of Slime)
 77063 | Vaults:5 | Entered Level 5 of the Vaults
 77185 | Vaults:4 | Gained mutation: You are strongly in touch with the powers of death. [Mummy growth]
 77185 | Vaults:4 | Reached XP level 26. HP: 177/208 MP: 33/33
 77245 | Vaults:4 | Received a gift from Okawaru
 77281 | Vaults:4 | Reached skill level 19 in Shields
 77367 | Vaults:5 | Identified Yptusaxu's Handbook of Conjuration
 77450 | Vaults:5 | Identified a +4 rod of shadows (4/12) (You took it off a yaktaur on level 5 of the Vaults)
 77504 | Vaults:5 | god i'm strong
 77517 | Vaults:5 | stupid note entering bug
 77517 | Vaults:5 | anyway, i might be able to do extended with just melee, maybe
 77876 | Vaults:5 | Got a silver rune of Zot
 77898 | Vaults:5 | Got a fine tin ring
 77899 | Vaults:5 | Identified the ring of Miysmadd {rPois EV+6 Dex+3 Stlth+} (You found it on level 5 of the Vaults)
 77900 | Vaults:5 | damn
 77900 | Vaults:5 | but no
 77905 | Vaults:5 | this is effectively a ring of shaolin {rPois, Stlth}
 77905 | Vaults:5 | but i want my slaying instead
 78103 | Vaults:5 | Reached skill level 8 in Spellcasting
 78258 | Vaults:5 | Received a gift from Okawaru
 78265 | Vaults:5 | Reached skill level 9 in Spellcasting
 78354 | Vaults:5 | okay, time for the rebranding game
 78355 | Vaults:5 | slicing at the first try, neat
 78392 | Vaults:5 | hm, can't afford both warp and necronomicon
 78392 | Vaults:5 | hmmm
 78392 | Vaults:5 | i think i'll go for necronomicon
 78524 | Vaults:2 | Bought a Necronomicon for 2097 gold pieces
 78532 | Vaults:2 | Learned a level 7 spell: Haunt
 78539 | Vaults:2 | too bad there's no abj aura in the game
 78539 | Vaults:2 | well, tomb time
 78831 | Tomb:1   | Entered Level 1 of the Tomb of the Ancients
 78873 | Tomb:1   | hm
 78875 | Tomb:1   | Learned a level 1 spell: Summon Butterflies
 78989 | Tomb:1   | Reached skill level 18 in Fighting
 79062 | Tomb:1   | Noticed a greater mummy
 79086 | Tomb:1   | Killed a greater mummy
 79086 | Tomb:1   | Reached skill level 10 in Spellcasting
 79128 | Tomb:1   | Received a gift from Okawaru
 79158 | Tomb:1   | wait
 79158 | Tomb:1   | you can Control Undead death scarabs?
 79158 | Tomb:1   | wow
 79231 | Tomb:1   | Noticed an ancient lich
 79238 | Tomb:1   | Killed an ancient lich
 79275 | Tomb:1   | Got a dazzling shield {god gift}
 79286 | Tomb:1   | Identified the +3 shield of Kegoidae {rElec rF+} (Okawaru gifted it to you on level 1 of the Tomb of the Ancients)
 79326 | Tomb:1   | Got a bloodstained cloak
 79337 | Tomb:1   | Identified the cursed +0 cloak of Autotheism {rF+ MR+ Str+4} (You found it on level 1 of the Tomb of the Ancients)
 79349 | Tomb:1   | both not bad but i have better
 79354 | Tomb:2   | lol
 79357 | Tomb:2   | Noticed a greater mummy
 79357 | Tomb:2   | Noticed a greater mummy
 79357 | Tomb:2   | Noticed a greater mummy
 79363 | Tomb:2   | Noticed an ancient lich
 79368 | Tomb:2   | Killed a greater mummy
 79368 | Tomb:2   | Killed a greater mummy
 79375 | Tomb:2   | Killed a greater mummy
 79375 | Tomb:2   | Reached XP level 27. HP: 209/217 MP: 37/37
 79382 | Tomb:2   | Killed an ancient lich
 79382 | Tomb:2   | Reached skill level 11 in Spellcasting
 79414 | Tomb:2   | jesus control undead makes it so much faster
 79415 | Tomb:2   | control undead at good power that is
 79651 | Tomb:3   | Entered Level 3 of the Tomb of the Ancients
 79666 | Tomb:3   | ha ha
 79666 | Tomb:3   | this is retarded
 79671 | Tomb:3   | Noticed a greater mummy
 79674 | Tomb:3   | Reached skill level 12 in Necromancy
 79675 | Tomb:3   | Reached skill level 20 in Shields
 79676 | Tomb:3   | Noticed a greater mummy
 79685 | Tomb:3   | Noticed a greater mummy
 79685 | Tomb:3   | Noticed a greater mummy
 79691 | Tomb:2   | Killed a greater mummy
 79786 | Tomb:3   | Killed a greater mummy
 79805 | Tomb:3   | Killed a greater mummy
 79805 | Tomb:3   | Reached skill level 12 in Spellcasting
 79860 | Tomb:3   | Received a gift from Okawaru
 79861 | Tomb:3   | Identified the +1 hat "Sennavenk" {-Cast rN++} (Okawaru gifted it to you on level 3 of the Tomb of the Ancients)
 79873 | Tomb:3   | Noticed a greater mummy
 79884 | Tomb:3   | Noticed a greater mummy
 79913 | Tomb:2   | Killed a greater mummy
 79993 | Tomb:3   | Killed a greater mummy
 79993 | Tomb:3   | Reached skill level 11 in Summonings
 80009 | Tomb:3   | Noticed a greater mummy
 80025 | Tomb:3   | Killed a greater mummy
 80078 | Tomb:3   | Noticed a greater mummy
 80098 | Tomb:3   | Killed a greater mummy
 80105 | Tomb:3   | Noticed a greater mummy
 80137 | Tomb:3   | Killed a greater mummy
 80187 | Tomb:3   | Reached skill level 13 in Necromancy
 80231 | Tomb:3   | oh, book of the warp
 80231 | Tomb:3   | i don't need the gold anymore then
 80232 | Tomb:3   | Identified the Almanac of the Rocks and Ice
 80237 | Tomb:3   | Got a ring of the Octopus King
 80239 | Tomb:3   | Identified a ring of the Octopus King {MP+9 AC+1 EV+1 Str+1 Int+1 Dex+1} (You found it on level 3 of the Tomb of the Ancients)
 80254 | Tomb:3   | Learned a level 5 spell: Aura of Abjuration
 80273 | Tomb:3   | Identified Wix Lama's Disquisition on Companions and Lightness
 80344 | Tomb:3   | Got a golden rune of Zot
 80816 | Crypt:2  | Learned a level 8 spell: Infestation
 81181 | Pan      | Entered Pandemonium
 81456 | Pan      | Noticed Lacuasoze the pandemonium lord
 81496 | Pan      | Killed Lacuasoze the pandemonium lord
 81586 | Pan      | Found an exit through the horrors of the Abyss.
 81929 | Pan      | Noticed Hequz the pandemonium lord
 81945 | Pan      | Killed Hequz the pandemonium lord
 81945 | Pan      | Received a gift from Okawaru
 81945 | Pan      | Reached skill level 14 in Necromancy
 82041 | Pan      | Found an exit through the horrors of the Abyss.
 82072 | Pan      | Found a white marble altar of Elyvilon.
 82073 | Pan      | ://///////////
 82073 | Pan      | this is the one place i hoped to avoid
 82074 | Pan      | i'd have to fight 2 daevas at least to get out
 82126 | Pan      | no point in risking this
 82457 | Pan      | Noticed Pauplaopn the pandemonium lord
 82481 | Pan      | Killed Pauplaopn the pandemonium lord
 82499 | Pan      | Received a gift from Okawaru
 82512 | Pan      | Reached skill level 15 in Necromancy
 82517 | Pan      | Identified the +0 pair of gloves "Cug Enutimu" {Int+3} (Okawaru gifted it to you in Pandemonium)
 82602 | Pan      | Entered the realm of Gloorx Vloq.
 82602 | Pan      | Found an exit through the horrors of the Abyss.
 82603 | Pan      | so he has dispel undead too
 82603 | Pan      | hm
 83146 | Pan      | Noticed Gloorx Vloq
 83155 | Pan      | Got a dark rune of Zot
 83229 | Pan      | Identified the +1 pair of boots of the Known World {rN+ Stlth+} (You found it in Pandemonium)
 83338 | Pan      | Reached skill level 19 in Fighting
 83343 | Pan      | Reached skill level 16 in Necromancy
 83423 | Pan      | Found an exit through the horrors of the Abyss.
 83452 | Pan      | Noticed Quteroqu the pandemonium lord
 83515 | Pan      | Killed Quteroqu the pandemonium lord
 83537 | Pan      | Reached skill level 21 in Shields
 83539 | Pan      | Received a gift from Okawaru
 83570 | Pan      | Identified the +1 hat "Leral" {rF+ rCorr} (Okawaru gifted it to you in Pandemonium)
 83685 | Pan      | Found an exit through the horrors of the Abyss.
 83885 | Pan      | Noticed Teskoesm the pandemonium lord
 83896 | Pan      | Killed Teskoesm the pandemonium lord
 83896 | Pan      | Reached skill level 17 in Necromancy
 83917 | Pan      | Entered the realm of Cerebov.
 83939 | Pan      | Noticed Gloorx Vloq
 83940 | Pan      | of course
 83976 | Pan      | Killed Gloorx Vloq
 84265 | Pan      | Noticed Cerebov
 84305 | Pan      | HP: 16/222 [balrug/divine providence (11)]
 84308 | Pan      | Killed from afar by Cerebov

Vault maps used:
D:1:      wheals_arrival_linesprint, serial_glass, glass_columns_c,
          glass_columns_b
D:2:      first_bread
D:3:      uniq_grinder, uniq_natasha
D:4:      tso_oasis_becter, minivault_5, uniq_edmund
D:5:      serial_shops, kennysheep_mini_moat, kennysheep_little_box,
          wad_floor_pattern_untrapped, kennysheep_generic_room_9
D:6:      nicolae_overflow_hidden_temple
D:7:      led_sif_pool, serial_shops, nicolae_shop_competitors_out_of_business,
          nicolae_water_bricks, kennysheep_generic_room_13
D:8:      uniq_grum
D:9:      fiery_altar_vehumet, orc_0_dummy
D:10:     david_lair_shrubbed, serial_shops, shop, uniq_harold, uniq_psyche
D:11:     uniq_maurice
D:14:     grunt_vaults_entry_tiered, minmay_misc_feat_five, serial_shops, shop
D:15:     hangedman_depths_entry_try_elsewhere_first, minmay_splitting_lines
Temple:   minmay_temple_curvy_branch
Lair:1:   minmay_lair_oklob_tunnel, minivault_11
Lair:2:   lab_entry_generic
Lair:3:   special_room, bh_autumn_forest_stairs
Lair:4:   minmay_shoals_entry_hut, spider_nest_entry_funnel_web,
          serial_bayou_shore_a
Lair:5:   minmay_slime_entry_jelly_boxes, infiniplex_staircase_pool_2
Lair:6:   grunt_lair_end_beastmaster, ice2_lemuel, grunt_megastairs_3
Shoals:1: nicolae_shoals_this_corrosion, uniq_kirke, uniq_josephine
Shoals:3: nicolae_shoals_square_sea_wall, nicolae_shoals_kraken_intersection
Shoals:4: shoals_end_simple, shoals_ilsuiw_alternative, abandoned_shop,
          uniq_polyphemus, uniq_aizul
Spider:1: uniq_louise
Spider:2: uniq_roxanne
Spider:3: nicolae_spider_corner
Spider:4: grunt_spider_rune_circles, minivault_29
Orc:1:    serial_shops, shop, portal_ice_cave_entry_imps, uniq_erica
Orc:2:    kennysheep_orc_mage_school
Elf:1:    minmay_elf_arrival_circle, portal_desolation_entry_ruin,
          hangedman_elf_disciples
Elf:2:    mu_enter_wizlab_7, serial_shops, shop, evilmike_spriggan_trog_shrine
Elf:3:    elf_hall_gauntlet_wide, uniq_nikola
Vaults:1: vaults_dpeg_encased_lava, grunt_vaults_hallway_short, v_pattern_4,
          nicolae_vaults_diagonal_hallway_9, nicolae_vaults_three_branches,
          v_alt_pattern_2
Vaults:2: vaults_dpeg_spiral, v_alt_pattern_3, dpeg_vaults_waves,
          vaults_room_door_hall, vaults_mumra_lcd, nicolae_vaults_rhombus_7,
          hangedman_vaults_nodes, v_alt_pattern_1, v_misc_16,
          nicolae_vaults_stairing_the_circle, nicolae_vaults_border_crossing,
          serial_shops, shop
Vaults:3: nicolae_vaults_theta, hangedman_vaults_hat,
          nicolae_vaults_ninety_degrees,
          vaults_standard_mumra_enter_the_diamond,
          minmay_crypt_entry_simple_corners, vaults_standard_mumra_lines,
          st_hourglassy, vaults_standard_mumra_enter_the_diamond,
          ontoclasm_vaults_twist, hangedman_vaults_stretched_pinwheel,
          ontoclasm_vaults_pinch
Vaults:4: vaults_mumra_chevron_long, vaults_room_door_hall,
          vaults_room_large_hall, v_pattern_5, ontoclasm_vaults_hangar,
          v_misc_18, v_misc_1, hangedman_vaults_trim, v_misc_28
Crypt:1:  hangedman_batty, uniq_bai_suzhen, uniq_mara
Crypt:3:  quadcrypt_mu, uniq_margery
Depths:1: grunt_hell_entry_dis_grunt, hex_large, minmay_variable_closet,
          kennysheep_two_boxes
Depths:2: evilmike_marble_ring, minmay_holes, hell_entry,
          hangedman_abyss_entry_splay, kennysheep_generic_room_7,
          infiniplex_staircase_zigzag_3, serial_bayou_shore_b, uniq_asterion
Depths:3: cheibrodos_birdhouse, enter_ziggurat_e, hell_entry,
          abyss_entry_small_statue_room, rand_demon_pan_entry_4
Depths:4: minmay_shrinking_squares, hell_entry, minmay_room_of_horrors,
          serial_shops, shop_statue
Depths:5: grunt_zot_entry_tricorne, hell_entry, nicolae_two_hexagons,
          abyss_entry, uniq_enchantress
Pan:      grunt_pan_sceptre, rand_demon_5, pan_blood_fountain, rand_demon_6,
          nicolae_pan_gloorx_vloqian_4, grunt_pan_spiral, grunt_pan_frozen_over,
          pan_blood_fountain_small, evilmike_holy_pan,
          evilmike_mini_pan_corridor, pan_blood_fountain, special_room,
          nicolae_pan_gloorx_vloqian_1, gloorx_vloq, pan_blood_fountain,
          pan_blood_fountain_small, nicolae_pan_gloorx_vloqian_1,
          evilmike_mini_pan_pillars_b, nicolae_pan_diamonds,
          pan_blood_fountain_small, cerebov_grunt, uniq_gloorx_vloq
Lab:      labyrinth_watery, labyrinth_skeletal_remains, lab_statue
IceCv:    ice_cave_small_demon
WizLab:   wizlab_lehudib

Skill      XL: |  1  2  3  4  5  6  7  8  9 10 11 12 13 14 15 16 17 18 19 20 21 22 23 24 25 26 27 |
---------------+----------------------------------------------------------------------------------+-----
Hexes          | 3 |  3.7
Ice Magic      | 1 |  1.0
Long Blades    | 1 2 4 5 7 8 10 12 13 14 15 16 | 16.1
Fighting       | 3 4 6 8 10 11 12 13 14 15 16 17 18 19 | 19.6
Shields        | 1 4 7 12 16 18 19 21 | 21.2
Dodging        | 2 5 6 10 13 14 | 14.3
Invocations    | 6 |  6.7
Short Blades   | 1 |  1.8
Evocations     | 4 6 7 8 9 11 12 13 | 13.0
Armour         | 3 5 8 9 10 | 10.4
Air Magic      | 1 5 |  5.1
Charms         | 1 6 |  6.4
Translocations | 7 10 | 10.6
Spellcasting   | 3 6 7 10 12 | 12.2
Necromancy     | 1 9 11 17 | 17.0
Stealth        | 4 |  4.5
Summonings     | 1 8 10 11 | 11.9

Action                   |  1- 3 |  4- 6 |  7- 9 | 10-12 | 13-15 | 16-18 | 19-21 | 22-24 | 25-27 || total
-------------------------+-------+-------+-------+-------+-------+-------+-------+-------+-------++-------
Melee: Dagger            |    91 |    25 |   348 |   908 |  1716 |   103 |       |       |       ||  3191
       Long sword        |    56 |    68 |       |       |       |       |       |       |       ||   124
       Scimitar          |       |       |       |       |   362 |   640 |       |       |       ||  1002
       Demon blade       |       |       |       |       |       |  1476 |  2599 |  2628 |       ||  6703
       Double sword      |       |       |       |       |       |       |       |   105 |  2663 ||  2768
Throw: Tomahawk          |       |       |       |    17 |     3 |    69 |     5 |     3 |       ||    97
       Throwing net      |       |       |       |       |       |       |       |       |     2 ||     2
 Cast: Corona            |    11 |    13 |    18 |       |       |       |       |       |       ||    42
       Ensorcelled Hiber |     2 |       |       |       |       |       |       |       |       ||     2
       Confuse           |       |     2 |     3 |       |       |       |       |       |       ||     5
       Repel Missiles    |       |       |       |       |       |     4 |     7 |     6 |     6 ||    23
       Animate Skeleton  |       |       |       |       |       |       |    23 |       |       ||    23
       Control Undead    |       |       |       |       |       |       |     4 |     3 |    20 ||    27
       Song of Slaying   |       |       |       |       |       |       |       |       |     3 ||     3
       Apportation       |       |       |       |       |       |       |       |       |     2 ||     2
       Passage of Golubr |       |       |       |       |       |       |       |       |     1 ||     1
Invok: Heroism           |       |       |     7 |    17 |    32 |    35 |    17 |    16 |    29 ||   153
       Finesse           |       |       |       |     2 |     1 |     1 |     2 |       |     7 ||    13
 Abil: Evoke Invisibilit |       |       |       |    13 |     4 |    14 |       |       |       ||    31
       Evoke Flight      |       |       |       |       |     2 |     6 |     1 |     2 |     6 ||    17
       Turn Visible      |       |       |       |       |     1 |       |       |       |       ||     1
       Stop Flying       |       |       |       |       |       |     3 |     1 |     2 |     7 ||    13
       Stop Singing      |       |       |       |       |       |       |       |       |     1 ||     1
Evoke: Wand              |       |       |    10 |     6 |     9 |    24 |    19 |     5 |     9 ||    82
       Rod               |       |       |       |       |       |    25 |    15 |     5 |     5 ||    50
       Lamp of fire      |       |       |       |       |       |     2 |     4 |     1 |     4 ||    11
       Phial of floods   |       |       |       |       |       |       |       |     1 |       ||     1
       Phantom mirror    |       |       |       |       |       |       |       |       |     1 ||     1
  Use: Scroll            |       |       |    15 |    15 |    11 |    25 |     2 |    23 |    28 ||   119
 Stab: Sleeping          |     7 |     3 |     3 |    20 |     9 |    13 |     1 |       |       ||    56
       Paralysed         |       |       |     3 |     2 |       |     2 |       |     3 |       ||    10
       Invisible         |       |       |       |     7 |     9 |    47 |       |       |       ||    63
       Distracted        |       |       |       |       |     2 |     6 |     3 |     3 |     2 ||    16
       Confused          |       |       |       |       |       |     6 |     1 |       |       ||     7
       Petrified         |       |       |       |       |       |     6 |       |       |       ||     6
       Petrifying        |       |       |       |       |       |     1 |       |       |       ||     1
       Held in net/web   |       |       |       |       |       |       |       |       |     4 ||     4
Armor: Robe              |    39 |     2 |       |       |       |       |       |       |       ||    41
       Ring mail         |       |    22 |    62 |   122 |   401 |   573 |       |       |       ||  1180
       Fire dragon scale |       |       |       |       |       |     1 |   566 |   558 |   457 ||  1582
Dodge: Dodged            |    99 |    47 |    98 |   274 |   898 |  1533 |  1182 |  1239 |  1228 ||  6598
       Deflected         |       |       |       |       |       |     7 |    36 |    16 |    34 ||    93
Block: Buckler           |       |       |    46 |   221 |   642 |   913 |   752 |   891 |   226 ||  3691
       Large shield      |       |       |       |       |       |       |       |       |  2255 ||  2255
       Rpst.: Long sword |    13 |     8 |       |       |       |       |       |       |       ||    21
       Scimitar          |       |       |       |       |    36 |    87 |       |       |       ||   123
       Demon blade       |       |       |       |       |       |   175 |   258 |   250 |       ||   683
       Double sword      |       |       |       |       |       |       |       |     7 |   222 ||   229
